AoeStats
← KOSOVAR

Arabia

510113437Analyzed
1v1 RM · 4d ago on Sep 29, 2026· 62m 12s· 2 players
Game mode
Random Map
Map size
Tiny (2 player)
Population
200
Speed
Normal
Resources
Standard
Victory
Conquest
Starting age
Dark Age
Ending age
Imperial Age
RankedLock teamsTeams togetherTeam positionsShared explorationLock speedFull tech treeHidden civsTurbo modeCheats
Victory
Defeat
🇪🇸 Mongols · Spain
647
+17
🇩🇰 Poles · Denmark
675
-17
KOSOVAR
6:03 Loom
10:34 Feudal Age
11:10 Double-Bit Axe
20:20 Castle Age
18:44 Horse Collar
18:59 Stone Mining
19:00 Gold Mining
19:07 Gold Mining
25:18 Wheelbarrow
25:30 Fletching
28:13 Bodkin Arrow
31:25 Ballistics
31:42 Bow Saw
34:16 Hand Cart
36:01 Husbandry
36:12 Bloodlines
37:16 Nomads
42:03 Imperial Age
43:13 Gold Shaft Mining
42:46 Heavy Plow
42:52 Bracer
43:55 Chemistry
43:21 Conscription
44:47 Elite Mangudai
44:52 Light Cavalry
45:55 Hussar
51:35 Drill
50:38 Heavy Scorpion
BadgerBuccaneer
0:42 Loom
10:17 Feudal Age
10:38 Horse Collar
10:44 Double-Bit Axe
18:18 Forging
18:19 Bloodlines
19:27 Scale Barding Armor
25:00 Castle Age
26:52 Thumb Ring
27:03 Bow Saw
26:56 Heavy Plow
26:47 Stone Mining
26:50 Gold Mining
27:14 Husbandry
27:07 Fletching
27:18 Padded Archer Armor
27:53 Fervor
28:17 Bodkin Arrow
29:04 Wheelbarrow
28:15 Town Watch
29:24 Treadmill Crane
30:04 Leather Archer Armor
30:11 Chain Barding Armor
29:13 Light Cavalry
35:29 Imperial Age
34:30 Ballistics
37:44 Chemistry
37:29 Lechitic Legacy
37:35 Conscription
38:01 Hand Cart
37:46 Town Patrol
38:43 Stone Shaft Mining
41:14 Iron Casting
40:40 Bracer
40:33 Elite Skirmisher
40:45 Winged Hussar
43:35 Blast Furnace
43:06 Murder Holes
44:47 Siege Engineers
47:16 Crop Rotation
51:54 Hoardings
Connection lost

Rejoining the realm…

Still unreachable

The connection could not be restored.

Session expired

The server has moved on; the page needs a fresh start.